[Event "Team 45 45 League T37"]
[Site "Internet Chess Club"]
[Date "2008.05.04"]
[Round "2"]
[White "BigH"]
[Black "Ernie1"]
[Result "0-1"]
[WhiteElo "1520"]
[BlackElo "1638"]
[Opening "Caro-Kann: advance variation"]
[ECO "B12"]
[Time "11:49:49"]
[TimeControl "2700+45"]

1. e4 c6 2. d4 d5 3. e5 Bf5 4. Bd3 Bxd3 5. Qxd3 e6 6. f4 Qh4+ 7. g3 Qh5 8. Qe2
Qxe2+ 9. Nxe2 Nh6 10. c3 Nd7 11. b3 c5 12. Bb2 Nf5 13. Kf2 Rc8 14. Na3 a6 15. g4
Ne7 16. Rac1 Nc6 17. Nc2 Be7 18. Kf3 O-O 19. Ne3 f6 20. Kg3 fxe5 21. dxe5 g5 22.
Ng2 gxf4+ 23. Nexf4 Ndxe5 24. Rcf1 Rf6 25. h4 Bd6 26. Kh3 Ng6 27. Nh5 Rxf1 28.
Rxf1 Rf8 29. Nf6+ Kg7 30. g5 Be5 31. Ne3 Bxf6 32. gxf6+ Rxf6 33. Rxf6 Kxf6 34.
c4+ d4 35. Ng4+ Kf5 36. Kg3 Nge5 37. Nf2 Nb4 {White resigns} 0-1

[Event "Team 45 45 League T37"]
[Site "Internet Chess Club"]
[Date "2008.05.02"]
[Round "2"]
[White "Warpdrive"]
[Black "pelayo"]
[Result "1/2-1/2"]
[WhiteElo "1767"]
[BlackElo "1619"]
[Opening "Ruy Lopez: Marshall, main line, 14...Qh3"]
[ECO "C89"]
[Time "22:13:25"]
[TimeControl "2700+45"]

1. e4 e5 2. Nf3 Nc6 3. Bb5 a6 4. Ba4 Nf6 5. O-O b5 6. Bb3 Be7 7. Re1 O-O 8. c3
d5 9. exd5 Nxd5 10. Nxe5 Nxe5 11. Rxe5 c6 12. d4 Bd6 13. Re1 Qh4 14. g3 Qh3 15.
Qe2 Bg4 16. Qf1 Qh5 17. Bxd5 cxd5 18. Be3 Rfe8 19. Na3 Qf5 20. Rac1 Bh3 21. Qe2
Bg4 22. Qf1 Bh3 23. Qe2 Bg4 24. Qf1 Bh3 {Game drawn by repetition} 1/2-1/2

[Event "Team 45 45 League T37"]
[Site "Internet Chess Club"]
[Date "2008.05.04"]
[Round "2"]
[White "Boromir"]
[Black "markgravitygood"]
[Result "1-0"]
[WhiteElo "1994"]
[BlackElo "1787"]
[Opening "Caro-Kann: Steinitz variation"]
[ECO "B17"]
[Time "16:00:40"]
[TimeControl "2700+45"]

1. e4 c6 2. d4 d5 3. Nc3 dxe4 4. Nxe4 Nd7 5. Ng5 Ngf6 6. Bd3 e6 7. N1f3 Bd6 8.
Qe2 h6 9. Ne4 Nxe4 10. Qxe4 Nf6 11. Qe2 Qc7 12. Bd2 b6 13. O-O-O Bb7 14. Ne5 c5
15. Bb5+ Ke7 16. dxc5 Qxc5 17. f4 Rhd8 18. Bc3 Rac8 19. Kb1 Kf8 20. Bd4 Qc7 21.
Rhf1 Bc5 22. Bxc5+ Qxc5 23. Bd3 Rd4 24. c3 Rd5 25. g4 Rcd8 26. h4 g6 27. g5 hxg5
28. Nxg6+ fxg6 29. fxg5 Rxd3 30. Rxd3 Bd5 31. Rxf6+ Kg7 32. Rxe6 Bxe6 33. Rxd8
Bf5+ 34. Ka1 Qg1+ 35. Rd1 Qc5 36. Re1 b5 37. Qe8 {Black resigns} 1-0

[Event "Team 45 45 League T37"]
[Site "Internet Chess Club"]
[Date "2008.05.05"]
[Round "2"]
[White "Lazerpawn"]
[Black "ivanson"]
[Result "1/2-1/2"]
[WhiteElo "1688"]
[BlackElo "1829"]
[Opening "KGA: Allgaier gambit"]
[ECO "C39"]
[Time "21:42:00"]
[TimeControl "2700+45"]

1. e4 e5 2. f4 exf4 3. Nf3 g5 4. h4 g4 5. Ng5 h6 6. Nxf7 Kxf7 7. Qxg4 Nf6 8.
Qxf4 d6 9. Bc4+ Be6 10. Bxe6+ Kxe6 11. Nc3 c6 12. d4 Kd7 13. Qf5+ Kc7 14. Bf4
Be7 15. O-O-O Qd7 16. d5 Qxf5 17. exf5 Nbd7 18. Rhe1 Rae8 19. dxc6 bxc6 20. Rxe7
Rxe7 21. Bxd6+ Kd8 22. Bxe7+ Kxe7 23. Re1+ Kd6 24. Re6+ Kc7 25. Nd1 Rg8 26. Ne3
h5 27. b4 Ng4 28. Nc4 Rf8 29. Nd6 Ngf6 30. b5 c5 31. c4 Rg8 32. a4 Rxg2 33. a5
Rg4 34. b6+ axb6 35. axb6+ Kxb6 36. Ne8+ Ka5 37. Nxf6 Nxf6 38. Rxf6 Rxc4+ 39.
Kd2 Rxh4 40. Rh6 Kb4 41. Ke3 Rh1 42. Kf2 Rh4 43. Kf3 c4 44. f6 Rh1 45. Ke2 Ra1
46. f7 Ra8 47. Rxh5 c3 48. Rf5 Rf8 49. Kd1 Kb3 50. Kc1 Ra8 51. Rb5+ Kc4 52. Ra5
Rf8 53. Rf5 Kb3 54. Rf6 Ra8 55. Rb6+ Kc4 56. Ra6 Rf8 {Game drawn by mutual
agreement} 1/2-1/2

[Event "Team 45 45 League T37"]
[Site "Internet Chess Club"]
[Date "2008.05.03"]
[Round "2"]
[White "PJ"]
[Black "DavidPayne"]
[Result "1-0"]
[WhiteElo "1760"]
[BlackElo "1465"]
[Opening "Sicilian: closed"]
[ECO "B24"]
[Time "15:02:02"]
[TimeControl "2700+45"]

1. e4 c5 2. Nc3 Nc6 3. g3 g6 4. Bg2 Bg7 5. d3 Qa5 6. Ne2 Nd4 7. Bd2 e6 8. Nxd4
Bxd4 9. Ne2 Qb5 10. Nxd4 cxd4 11. b3 e5 12. f4 d6 13. fxe5 dxe5 14. O-O f5 15.
exf5 Bxf5 16. Rxf5 gxf5 17. Qh5+ Kd8 18. Qxf5 Ne7 19. Qf6 Re8 20. Qd6+ Qd7 21.
Qxe5 Nf5 22. Bg5+ Kc8 23. Qc5+ Qc7 24. Qxf5+ Qd7 25. Qc5+ Qc7 26. Bh3+ Kb8 27.
Bf4 Re7 28. Qxe7 {Black resigns} 1-0

[Event "Team 45 45 League T37"]
[Site "Internet Chess Club"]
[Date "2008.05.04"]
[Round "2"]
[White "joshtournman"]
[Black "AlterEgo"]
[Result "0-1"]
[WhiteElo "1515"]
[BlackElo "1644"]
[Opening "Sicilian: Alapin's variation (2.c3)"]
[ECO "B22"]
[Time "08:49:09"]
[TimeControl "2700+45"]

1. e4 c5 2. c3 e5 3. Nf3 Nc6 4. Bb5 Qc7 5. Bxc6 Qxc6 6. d3 d6 7. O-O Nf6 8. h3
h6 9. Re1 Be7 10. Be3 O-O 11. Nbd2 Qa6 12. d4 exd4 13. cxd4 c4 14. Rc1 Qxa2 15.
Nxc4 Qa6 16. Qe2 Qb5 17. e5 dxe5 18. Ncxe5 Qxe2 19. Rxe2 Nd5 20. Rec2 Be6 21.
Bd2 Bf5 22. Rc4 f6 23. Ng4 Bd3 24. Ra4 a6 25. Nxh6+ gxh6 26. Bxh6 Rfc8 27. Rxc8+
Rxc8 28. Ra1 Kh7 29. Be3 Nb4 30. Rc1 Rxc1+ 31. Bxc1 Nd5 32. Be3 a5 33. Nd2 a4
34. f4 Nxe3 {White resigns} 0-1

[Event "Team 45 45 League T37"]
[Site "Internet Chess Club"]
[Date "2008.05.01"]
[Round "2"]
[White "Terte"]
[Black "Chessrascal"]
[Result "1/2-1/2"]
[WhiteElo "2054"]
[BlackElo "2088"]
[Opening "French: Rubinstein variation"]
[ECO "C03"]
[Time "13:48:37"]
[TimeControl "2700+45"]

1. e4 e6 2. d4 d5 3. Nd2 dxe4 4. Nxe4 Nd7 5. Nf3 Ngf6 6. Nxf6+ Nxf6 7. Bd3 Be7
8. O-O O-O 9. c3 b6 10. Qc2 Bb7 11. Ne5 h6 12. Be3 Qd5 13. f3 Rad8 14. Rad1 c5
15. Bc4 Qd6 16. Rfe1 cxd4 17. Bxd4 Qc7 18. b4 Bd5 19. Bxd5 Nxd5 20. Qb2 Bf6 21.
c4 Ne7 22. Bc3 Nf5 23. Qe2 Rxd1 24. Rxd1 Rd8 25. Rxd8+ Qxd8 26. Kf1 Nd4 27. Bxd4
Qxd4 28. Nc6 Qd6 29. Qe4 a6 30. g3 Bc3 31. f4 Bxb4 32. Nxb4 Qxb4 33. Qa8+ Kh7
34. Qxa6 Qb1+ 35. Kg2 Qe4+ 36. Kf2 Qd4+ 37. Kg2 Qe4+ 38. Kf2 Qc2+ 39. Kf3 Qd3+
40. Kf2 Qd2+ 41. Kf3 Qd1+ 42. Kf2 Qd2+ {Game drawn by mutual agreement} 1/2-1/2

[Event "Team 45 45 League T37"]
[Site "Internet Chess Club"]
[Date "2008.04.30"]
[Round "2"]
[White "Selalmazidis"]
[Black "andreip"]
[Result "0-1"]
[WhiteElo "1989"]
[BlackElo "2085"]
[Opening "Sicilian: accelerated fianchetto, Maróczy bind"]
[ECO "B36"]
[Time "15:10:37"]
[TimeControl "2700+45"]

1. e4 c5 2. Nf3 Nc6 3. d4 cxd4 4. Nxd4 g6 5. c4 d6 6. Be3 Nf6 7. Nc3 Ng4 8. Qd2
Nxe3 9. Qxe3 Qb6 10. O-O-O Bg7 11. Ncb5 a6 12. Nxc6 Qxe3+ 13. fxe3 axb5 14. Nb4
bxc4 15. Bxc4 O-O 16. Nd5 Bg4 17. Nxe7+ Kh8 18. Rd2 Rae8 19. Nd5 Rxe4 20. Bd3
Re5 21. Bc2 Be6 22. Bb3 Rc8+ 23. Kb1 Bf5+ 24. Ka1 Be4 25. Nb6 Rc6 26. Nc4 Rd5
27. Rxd5 Bxd5 28. Na5 Rc5 29. Bxd5 Rxd5 30. Nb3 Re5 31. Re1 Bh6 32. Kb1 Rxe3 33.
Rxe3 Bxe3 34. Kc2 f5 35. Kd3 Bg1 36. h3 Kg7 37. Kc4 Kf6 38. Kd5 Kg5 39. Na5 b6
40. Nc4 Kf4 41. Nxd6 Kg3 42. Ke5 Kxg2 43. Nxf5 gxf5 44. Kxf5 Kxh3 45. a4 h5 46.
b4 h4 {White resigns} 0-1

[Event "Team 45 45 League T37"]
[Site "Internet Chess Club"]
[Date "2008.05.01"]
[Round "2"]
[White "primerpaso"]
[Black "HocusPocus"]
[Result "0-1"]
[WhiteElo "1777"]
[BlackElo "2023"]
[Opening "English opening"]
[ECO "A17"]
[Time "10:03:50"]
[TimeControl "2700+45"]

1. c4 Nf6 2. Nc3 e6 3. g3 Bb4 4. Bg2 O-O 5. Nf3 d5 6. cxd5 exd5 7. d4 c6 8. O-O
Nbd7 9. Bf4 Re8 10. Rc1 Nh5 11. Bd2 Bd6 12. Na4 Nf8 13. b4 f5 14. e3 Nf6 15. Qb3
a6 16. Bc3 Ne4 17. Ne5 Nxc3 18. Qxc3 Qe7 19. Nd3 Be6 20. Ndc5 Bf7 21. a3 Ne6 22.
Rfe1 Ng5 23. f4 Ne4 24. Nxe4 dxe4 25. Nb2 a5 26. bxa5 Bxa3 27. Re2 Bb4 28. Qc2
Rxa5 29. Nc4 Ra6 30. Rb1 Rea8 31. Rb2 Ra1+ 32. Kf2 R8a7 33. Ne5 Be6 34. Bf1 Bd6
35. Rd2 Bb4 36. Rd1 Rxd1 37. Qxd1 Bc3 38. Rc2 Ra1 39. Rc1 Ra2+ 40. Be2 Qa3 41.
d5 Bxd5 42. Kf1 Rd2 43. Qe1 b5 44. Rd1 Rxd1 45. Qxd1 Bxe5 46. fxe5 Qxe3 47. Bxb5
Qf3+ 48. Qxf3 exf3 49. Ba6 Kf7 50. Bc8 Be6 51. Bb7 Bd7 52. Kf2 Ke6 53. Kxf3 Kxe5
54. h3 Kd4 55. g4 fxg4+ 56. hxg4 c5 57. g5 c4 58. Be4 g6 59. Bb1 Bf5 60. Ba2 Bd3
{White resigns} 0-1

[Event "Team 45 45 League T37"]
[Site "Internet Chess Club"]
[Date "2008.05.07"]
[Round "2"]
[White "powerchess1"]
[Black "cityprosecutor"]
[Result "1-0"]
[WhiteElo "1749"]
[BlackElo "1764"]
[Opening "Queen's pawn: London system"]
[ECO "A45"]
[Time "18:05:09"]
[TimeControl "2700+45"]

1. d4 Nf6 2. Bf4 c5 3. e3 g6 4. Nf3 Bg7 5. Be2 O-O 6. O-O d6 7. h3 cxd4 8. exd4
a6 9. c3 Nd5 10. Bg5 b5 11. Qc1 Re8 12. Nbd2 h6 13. Bh4 Bf5 14. Re1 Nf4 15. Bf1
Nc6 16. Ne4 Nd5 17. Ng3 Bd7 18. Ne4 f5 19. Nxd6 Rf8 20. Nb7 Qe8 21. Nc5 f4 22.
Ne6 Bxe6 23. Rxe6 g5 24. Bxg5 hxg5 25. Nxg5 Nd8 26. Re4 Qg6 27. h4 Bh6 28. Re5
Nf6 29. Qd1 Nh7 30. Bd3 Qg7 31. Qb3+ Kh8 32. Nxh7 f3 33. g3 Rf7 34. Rae1 e6 35.
Rh5 Re7 36. Ng5 Raa7 37. Nxe6 Nxe6 38. Rxe6 Rf7 39. Rexh6+ Kg8 40. Rg6 {Black
resigns} 1-0

[Event "Team 45 45 League T37"]
[Site "Internet Chess Club"]
[Date "2008.05.04"]
[Round "2"]
[White "tourettes"]
[Black "Despair"]
[Result "0-1"]
[WhiteElo "1724"]
[BlackElo "1946"]
[Opening "Alekhine's defense: exchange variation"]
[ECO "B02"]
[Time "04:06:46"]
[TimeControl "2700+45"]

1. e4 Nf6 2. e5 Nd5 3. c4 Nb6 4. d4 d6 5. exd6 exd6 6. Nf3 Bg4 7. Be2 Nc6 8. d5
Bxf3 9. gxf3 Ne5 10. Be3 c6 11. dxc6 bxc6 12. Qd4 Qf6 13. Nd2 Be7 14. f4 Ned7
15. Rg1 c5 16. Qxf6 Bxf6 17. O-O-O Na4 18. Bf3 Rb8 19. Bc6 Nxb2 20. Ne4 Nxd1 21.
Bxc5 dxc5 22. Rxd1 Bb2+ 23. Kc2 Bd4 24. Bxd7+ Kxd7 25. Nxc5+ Kc6 26. Nd3 Rhd8
27. a3 Bc5 28. Ne5+ Kc7 29. Rg1 g6 30. Nxf7 Bxf2 31. Rf1 Rf8 32. Ng5 Be3 33.
Ne6+ Kd7 34. Nxf8+ Rxf8 35. Rd1+ Kc6 36. Rd3 Bxf4 37. h3 Bd6 38. a4 Rf2+ 39. Kb3
a5 40. h4 Rf4 41. Rd5 Bb4 42. h5 Rf3+ 43. Kb2 Rc3 44. hxg6 hxg6 45. Rg5 Rxc4 46.
Rxg6+ Bd6 47. Rg5 Rxa4 {White resigns} 0-1

[Event "Team 45 45 League T37"]
[Site "Internet Chess Club"]
[Date "2008.05.04"]
[Round "2"]
[White "MaunaKeaMike"]
[Black "crankn8tr"]
[Result "1-0"]
[WhiteElo "1842"]
[BlackElo "1680"]
[Opening "Réti opening"]
[ECO "A04"]
[Time "12:04:14"]
[TimeControl "2700+45"]

1. Nf3 c5 2. g3 Nc6 3. Bg2 g6 4. d3 d6 5. Nbd2 Bg7 6. O-O Nf6 7. e4 e5 8. a4 a5
9. Nc4 Be6 10. Ne3 O-O 11. Ng5 Bd7 12. Nc4 Qc7 13. f4 h6 14. fxe5 dxe5 15. Nf3
Be6 16. Ne3 Rfd8 17. Nh4 Nd4 18. Ra3 b6 19. c3 Nc6 20. Qc2 Rac8 21. Nc4 Bxc4 22.
dxc4 Rd6 23. h3 Rcd8 24. Be3 Qd7 25. Raa1 Qe6 26. b3 Rd3 27. Rfe1 Nh7 28. Rad1
Qd6 29. Rc1 Qe6 30. Bf1 R3d6 31. Rcd1 Bf6 32. Nf3 Bg7 33. Rd5 Ne7 34. Rd2 Nf6
35. Rxd6 Rxd6 36. Nxe5 Nh5 37. Ng4 Nxg3 38. Bf4 Nxf1 39. Bxd6 Qxd6 40. Kxf1 Qf4+
41. Qf2 Qxf2+ 42. Kxf2 h5 43. Ne3 Bxc3 44. Rd1 Bd4 45. Kf3 Nc6 46. Nd5 Ne5+ 47.
Kf4 Nd7 48. Kg5 Kg7 49. Rf1 f6+ 50. Kf4 Be5+ 51. Kf3 Kf7 52. Rg1 Bd4 53. Rg2 g5
54. Ne3 Ne5+ 55. Ke2 Ng6 56. Nd5 Ke6 57. Kd3 Ke5 58. Rc2 Nf4+ 59. Nxf4 gxf4 60.
Rg2 f3 61. Rg6 Kf4 62. Rg8 f2 63. Ke2 Kxe4 64. Rh8 f1=Q+ 65. Kxf1 Kd3 66. Rxh5
Kc3 67. Rf5 Kxb3 68. h4 Kxa4 69. h5 Be3 70. Rxf6 Bd4 71. Rxb6 Be5 72. Kg2 Ka3
73. Kf3 a4 74. h6 Ka2 75. Ke4 Bd4 76. h7 a3 77. Rb8 Bg7 78. h8=Q Bxh8 79. Rxh8
Kb2 80. Kd5 a2 81. Rh2+ Ka3 82. Rxa2+ Kxa2 83. Kxc5 Kb3 84. Kb5 Kc3 85. c5
{Black resigns} 1-0

[Event "Team 45 45 League T37"]
[Site "Internet Chess Club"]
[Date "2008.05.02"]
[Round "2"]
[White "alaskauk"]
[Black "OldBoy"]
[Result "0-1"]
[WhiteElo "1467"]
[BlackElo "1576"]
[Opening "King's pawn game"]
[ECO "C50"]
[Time "10:59:21"]
[TimeControl "2700+45"]

1. e4 e5 2. Nf3 Nc6 3. Bc4 d6 4. Nc3 Be7 5. O-O Nf6 6. Re1 Bg4 7. h3 Bxf3 8.
Qxf3 Nd4 9. Qd3 Nh5 10. Ne2 Nxe2+ 11. Qxe2 Nf4 12. Qf3 Qd7 13. d4 Ne6 14. d5 Nd4
15. Qd3 a6 16. c3 b5 17. cxd4 bxc4 18. Qxc4 O-O 19. Qd3 exd4 20. Qxd4 Bf6 21.
Qe3 Rab8 22. Rb1 Rb6 23. b3 a5 24. Bd2 Ra8 25. Bc3 Bxc3 26. Qxc3 c5 27. Re3 a4
28. Rg3 g6 29. h4 Qe7 30. h5 Qxe4 31. Re1 Qd4 32. Qf3 axb3 33. axb3 Ra1 34. Rxa1
Qxa1+ 35. Kh2 Qe5 36. h6 Rb4 37. Kh3 Rd4 38. Rg4 Qh5+ 39. Kg3 Rxg4+ 40. Qxg4
Qxg4+ 41. Kxg4 f6 42. Kf4 Kf7 43. g4 Ke7 44. Ke4 Kd7 45. Kd3 Kc7 46. Kc4 g5 47.
Kb5 Kb7 48. f3 Kc7 49. Kc4 Kb6 50. Kc3 Kb5 51. Kc2 Kb4 52. Kb2 c4 53. bxc4 Kxc4
54. Kc2 Kxd5 55. Kd3 Ke5 56. Ke3 d5 57. Ke2 Kf4 {White resigns} 0-1

[Event "Team 45 45 League T37"]
[Site "Internet Chess Club"]
[Date "2008.05.01"]
[Round "2"]
[White "cobbler"]
[Black "Hastings"]
[Result "0-1"]
[WhiteElo "1228"]
[BlackElo "1350"]
[Opening "French defense"]
[ECO "C00"]
[Time "13:00:55"]
[TimeControl "2700+45"]

1. e4 e6 2. Nf3 Nf6 3. e5 Nd5 4. d4 Nb6 5. Nc3 d5 6. exd6 cxd6 7. Bd3 Be7 8. O-O
Nc6 9. Re1 Qc7 10. Bb5 a6 11. Bd3 Bd7 12. Bg5 Bxg5 13. Nxg5 h6 14. Qh5 Rf8 15.
Nh7 Rg8 16. d5 Ne5 17. dxe6 Bxe6 18. Re3 O-O-O 19. f4 Nxd3 20. Rxd3 Rh8 21. f5
Qc5+ 22. Kh1 Qxf5 23. Qxf5 Bxf5 24. Rf3 Bxh7 25. Rxf7 Rd7 26. Rf2 Rc7 27. Rd1
Rc6 28. Re1 Bg6 29. h3 Re8 30. Ref1 Nc4 31. Rf8 Rxf8 32. Rxf8+ Kd7 33. Nd5 Rc5
34. Nf4 Bxc2 35. Rf7+ Kc6 36. Rxg7 Nxb2 37. Ne6 Re5 38. Nd4+ Kb6 39. Nxc2 Re2
40. Nd4 Re4 41. Nf5 Re6 42. Rh7 d5 43. Nxh6 d4 44. Ng4 d3 45. Rd7 Re2 46. Kg1 d2
47. Nf2 Re1+ 48. Kh2 d1=Q 49. Nxd1 Rxd1 50. Rxd1 Nxd1 51. Kg3 Kc6 52. Kg4 Kd6
53. g3 Ke6 54. Kg5 Nf2 55. Kh4 Kf6 56. g4 b5 57. g5+ Kg6 58. Kg3 Ne4+ 59. Kf4
Nc3 60. Kg4 Nxa2 61. h4 Nc3 62. h5+ Kg7 63. h6+ Kg6 64. h7 Kxh7 65. Kf5 Kg7 66.
Ke5 b4 67. Kd4 a5 68. Kc4 Kg6 69. Kb3 Kxg5 70. Kb2 a4 71. Ka1 Kf4 72. Kb2 Ke3
73. Ka1 Kd2 74. Kb2 Nb5 75. Kb1 a3 76. Ka2 Kc2 77. Ka1 Nd4 78. Ka2 b3+ {White
resigns} 0-1

[Event "Team 45 45 League T37"]
[Site "Internet Chess Club"]
[Date "2008.05.03"]
[Round "2"]
[White "Gomer"]
[Black "otib2006"]
[Result "0-1"]
[WhiteElo "1197"]
[BlackElo "1313"]
[Opening "Sicilian"]
[ECO "B50"]
[Time "15:07:02"]
[TimeControl "2700+45"]

1. e4 c5 2. Nf3 d6 3. Nc3 Nf6 4. d3 g6 5. d4 cxd4 6. Qxd4 Nc6 7. Qa4 Bd7 8. Qb3
Bg7 9. Qxb7 Rb8 10. Qa6 O-O 11. Bd3 Nb4 12. Qa3 Nxd3+ 13. cxd3 Bg4 14. Nd4 Qb6
15. Nb3 Nd7 16. O-O Nc5 17. Nxc5 dxc5 18. Nd5 Qb7 19. b3 Bxa1 20. Qxc5 Rfe8 21.
Bh6 Bg7 22. Bg5 Rbc8 23. Qe3 Rc2 24. Nxe7+ Rxe7 25. Bxe7 Qxe7 26. Qg3 Be2 27.
Re1 Rxa2 28. Rc1 Ra1 29. Rxa1 Bxa1 30. h3 Qe6 31. Qe3 Bd1 32. Qxa7 Bg7 33. b4
Qb3 34. b5 Qxb5 35. Qa8+ Bf8 36. d4 Qd3 37. d5 Qxe4 38. d6 Qxa8 {White resigns}
0-1

[Event "Team 45 45 League T37"]
[Site "Internet Chess Club"]
[Date "2008.05.03"]
[Round "2"]
[White "Gupta"]
[Black "Zyme"]
[Result "1-0"]
[WhiteElo "1438"]
[BlackElo "1393"]
[Opening "King's Indian: 5.Nf3"]
[ECO "E90"]
[Time "09:02:57"]
[TimeControl "2700+45"]

1. d4 Nf6 2. c4 g6 3. Nc3 Bg7 4. e4 d6 5. Nf3 e5 6. dxe5 dxe5 7. Qxd8+ Kxd8 8.
Bg5 Nc6 9. Nd5 Nd4 10. Nxd4 exd4 11. Nxf6 Ke7 12. Nd5+ Kd6 13. Bf4+ Be5 14.
Bxe5+ Kxe5 15. Nxc7 Rb8 16. g3 Kxe4 17. Bg2+ Kd3 18. Rc1 Bf5 19. O-O Rbc8 20.
Nd5 b6 21. Nf4+ Kd2 22. Rfd1# {Black checkmated} 1-0

[Event "Team 45 45 League T37"]
[Site "Internet Chess Club"]
[Date "2008.05.02"]
[Round "2"]
[White "imupapawn"]
[Black "WannaB"]
[Result "1-0"]
[WhiteElo "980"]
[BlackElo "1136"]
[Opening "Bird's opening"]
[ECO "A02"]
[Time "19:16:12"]
[TimeControl "2700+45"]

1. f4 c5 2. Nf3 e6 3. e3 Nf6 4. b3 Be7 5. Bb2 a6 6. a4 d6 7. Be2 O-O 8. h3 e5 9.
fxe5 dxe5 10. Nxe5 Ne4 11. Bd3 Ng3 12. Nxf7 Rxf7 13. Bc4 Bh4 14. Bxf7+ Kxf7 15.
Qf3+ Kg8 16. Rg1 Nf5+ 17. Kd1 Bf6 18. Bxf6 Qxf6 19. Nc3 Nh4 20. Qd5+ Qe6 21.
Qxe6+ Bxe6 22. Ne4 b6 23. Ng5 Bd5 24. e4 Bc6 25. g3 Ng6 26. Rf1 Nd7 27. Ke2 b5
28. Rf2 bxa4 29. Raf1 a3 30. Ra1 Bb5+ 31. c4 Bc6 32. Rxa3 a5 33. Rf1 a4 34. Rfa1
Nb6 35. bxa4 Rxa4 36. Rxa4 Bxa4 37. Ne6 h6 38. Nxc5 Bc2 39. Ra6 Nxc4 40. Rxg6
Ne5 41. Re6 Nc4 42. d3 Na3 43. Ra6 Nb5 44. Rb6 Nd4+ 45. Kd2 Kh7 46. e5 Bxd3 47.
Kxd3 Nf3 48. e6 Ne5+ 49. Ke4 Nc4 50. Rb8 Nd6+ 51. Kd5 Nf5 52. g4 Ne3+ 53. Kd6
Nc4+ 54. Kd7 Ne5+ 55. Kd8 Nc6+ 56. Kc8 Ne7+ 57. Kd7 Ng6 58. e7 Ne5+ 59. Ke6 Nc6
60. e8=Q Nd4+ 61. Kd5 {Black resigns} 1-0

[Event "Team 45 45 League T37"]
[Site "Internet Chess Club"]
[Date "2008.05.06"]
[Round "2"]
[White "b-spot"]
[Black "parrot9"]
[Result "1-0"]
[WhiteElo "1781"]
[BlackElo "1676"]
[Opening "QGA: 4...e6"]
[ECO "D26"]
[Time "16:44:24"]
[TimeControl "2700+45"]

1. d4 d5 2. c4 dxc4 3. Nf3 e6 4. e3 Nf6 5. Bxc4 a6 6. O-O b5 7. Bb3 Bb7 8. a4
Nbd7 9. Nbd2 Be7 10. Qc2 O-O 11. axb5 axb5 12. Rxa8 Qxa8 13. Re1 Rc8 14. Qb1 c5
15. dxc5 Nxc5 16. Bc2 h6 17. b3 Nce4 18. Nxe4 Nxe4 19. Bb2 Nc3 20. Bh7+ Kf8 21.
Bxc3 Rxc3 22. Qd1 g6 23. Qd4 f6 24. Qxc3 Kg7 25. Bxg6 Kxg6 26. Qd3+ Be4 27. Qe2
Qd5 28. Nd4 Qg5 29. f3 Bd5 30. f4 Qh4 31. Qf2 Qg4 32. Qg3 Qxg3 33. hxg3 Bc5 34.
Rc1 Bxd4 35. exd4 Bxb3 36. Kf2 Kf5 37. Rc5+ Ke4 38. Rxb5 Bc4 39. Rb4 Kxd4 40.
Kf3 h5 41. g4 hxg4+ 42. Kxg4 Kd5 43. Rb8 Be2+ 44. Kg3 Ke4 45. Kf2 Bg4 46. g3 e5
47. Rb4+ Kf5 48. Rb5 Ke4 49. Rb4+ Kf5 50. Ke3 Bd1 51. Rc4 Bg4 52. Rc5 Bd1 53.
Rd5 Bg4 54. Ra5 Bd1 55. fxe5 fxe5 56. Ra8 Kg4 57. Rg8+ Kf5 58. Rd8 Bc2 59. Rc8
Bd1 60. Rc4 Bg4 61. Rb4 Bd1 62. Rh4 Bg4 63. Rh1 Kg5 64. Ke4 Bh5 65. Rh4 Bg4 66.
Kxe5 {Black resigns} 1-0

[Event "Team 45 45 League T37"]
[Site "Internet Chess Club"]
[Date "2008.05.04"]
[Round "2"]
[White "Mikey29a"]
[Black "jazzyrick"]
[Result "0-1"]
[WhiteElo "1781"]
[BlackElo "1572"]
[Opening "Sicilian: Najdorf, Byrne (English) attack"]
[ECO "B90"]
[Time "18:05:27"]
[TimeControl "2700+45"]

1. e4 c5 2. Nf3 d6 3. d4 cxd4 4. Nxd4 Nf6 5. Nc3 a6 6. Be3 e6 7. Nb3 b5 8. f3
Bb7 9. Qd2 Be7 10. O-O-O O-O 11. g4 d5 12. exd5 Nxd5 13. Nxd5 Bxd5 14. Qg2 Qc7
15. h4 Nc6 16. Rxd5 exd5 17. g5 Bd6 18. Kb1 Rac8 19. h5 Ne5 20. f4 Nc4 21. Bd4
Bxf4 22. g6 Nd2+ 23. Nxd2 Qxc2+ 24. Ka1 h6 25. gxf7+ Rxf7 26. Nb1 Qxb1+ {White
resigns} 0-1

[Event "Team 45 45 League T37"]
[Site "Internet Chess Club"]
[Date "2008.05.04"]
[Round "2"]
[White "fibin"]
[Black "civilization"]
[Result "0-1"]
[WhiteElo "1526"]
[BlackElo "1582"]
[Opening "Sicilian: Pin variation (Sicilian counter-attack)"]
[ECO "B41"]
[Time "12:11:55"]
[TimeControl "2700+45"]

1. e4 c5 2. Nf3 e6 3. d4 cxd4 4. Nxd4 Nf6 5. Nc3 Bb4 6. Bd3 d5 7. e5 Nfd7 8. Qe2
Nc6 9. Nxc6 bxc6 10. Bd2 c5 11. Bb5 a6 12. Ba4 Qa5 13. Bxd7+ Bxd7 14. O-O Qc7
15. Rfe1 Bc6 16. a3 Ba5 17. Rad1 Bb7 18. Nb1 Bxd2 19. Nxd2 Qc6 20. f4 Qb5 21.
Qg4 Rg8 22. f5 Bc8 23. c4 exf5 24. Qf3 Qxb2 25. Qxd5 Qd4+ 26. Qxd4 cxd4 27. Nf3
Be6 28. Rxd4 Rd8 29. c5 Ke7 30. Red1 h6 31. c6 Rxd4 32. Nxd4 Rc8 33. Nxe6 Kxe6
34. c7 Rxc7 35. Rd6+ Kxe5 36. Rxa6 Rc1+ 37. Kf2 Rc2+ 38. Kf3 g5 39. Ra5+ Kf6 40.
Ra6+ Kg7 41. a4 h5 42. h3 h4 43. Ra5 Rc3+ 44. Kf2 Rc2+ 45. Kf3 Rc3+ 46. Kf2 Kg6
47. Ra6+ f6 48. a5 g4 49. hxg4 fxg4 50. Ra8 g3+ 51. Ke2 f5 52. a6 Rc2+ 53. Kf3
Rf2+ 54. Ke3 f4+ 55. Ke4 Rxg2 56. a7 Ra2 57. Rg8+ Kh5 58. a8=Q Rxa8 59. Rxa8 h3
60. Kxf4 g2 61. Rg8 h2 62. Rh8+ Kg6 63. Rg8+ Kf7 {White forfeits on time} 0-1

forfeit win for white

[Event "Team 45 45 League T37"]
[Site "Internet Chess Club"]
[Date "2008.05.04"]
[Round "2"]
[White "AntonioMendonca"]
[Black "GrandPoobah069"]
[Result "0-1"]
[WhiteElo "1727"]
[BlackElo "1683"]
[Opening "English: Botvinnik system"]
[ECO "A26"]
[Time "14:09:11"]
[TimeControl "2700+45"]

1. c4 e5 2. g3 g6 3. Bg2 Bg7 4. Nc3 Nc6 5. d3 d6 6. e4 Be6 7. Nge2 Nge7 8. O-O
Qd7 9. f4 Bh3 10. Be3 Bxg2 11. Kxg2 Nd4 12. Bxd4 exd4 13. Nd5 Nxd5 14. cxd5 h5
15. h4 O-O-O 16. b4 f5 17. Rc1 Qb5 18. Rc4 fxe4 19. Nxd4 Qxd5 20. Kh2 exd3 21.
Qxd3 c5 22. Rd1 Bxd4 23. Qxd4 Qxd4 24. Rdxd4 b5 25. Rc2 c4 26. Kg2 Kc7 27. a4 a6
28. Kf3 Rhe8 29. Re4 Rxe4 30. Kxe4 Kc6 31. a5 Re8+ 32. Kf3 d5 33. f5 gxf5 34.
Kf4 Re4+ 35. Kxf5 Rg4 36. Re2 Rg7 37. Re6+ Kb7 38. Ke5 c3 39. Kxd5 c2 40. Re1
Rd7+ 41. Kc5 c1=Q+ 42. Rxc1 Rc7+ 43. Kd6 Rxc1 44. Ke5 Rc4 45. Kf5 Rxb4 46. Kg5
Rg4+ 47. Kxh5 Rxg3 48. Kh6 Kc6 49. h5 b4 50. Kh7 b3 51. h6 b2 52. Kh8 Rh3 53. h7
Rxh7+ {White resigns} 0-1

[Event "Team 45 45 League T37"]
[Site "Internet Chess Club"]
[Date "2008.05.04"]
[Round "2"]
[White "C-Jones"]
[Black "lw"]
[Result "1/2-1/2"]
[WhiteElo "1624"]
[BlackElo "1612"]
[Opening "Robatsch (modern) defense"]
[ECO "B06"]
[Time "14:00:56"]
[TimeControl "2700+45"]

1. e4 g6 2. Nf3 Bg7 3. d4 d6 4. h3 c6 5. Nc3 d5 6. exd5 cxd5 7. Bb5+ Bd7 8. Bf4
Bxb5 9. Nxb5 Qa5+ 10. Nc3 Nf6 11. O-O Nc6 12. Re1 O-O 13. a3 Qb6 14. Rb1 e6 15.
Qd3 Nd7 16. Ne2 e5 17. dxe5 Ndxe5 18. Nxe5 Nxe5 19. Bxe5 Bxe5 20. Qxd5 Bg7 21.
c3 Rfd8 22. Qg5 Rd6 23. Qe3 Qb3 24. Nd4 Bxd4 25. cxd4 Qb5 26. Red1 Rad8 27. Qf4
Qb6 28. b4 Rxd4 29. Rxd4 Rxd4 30. Qe3 Qd8 31. Re1 Rd1 32. Rxd1 Qxd1+ 33. Kh2 Qa4
34. Qc3 b6 35. Qc8+ Kg7 36. Qc3+ Kf8 37. g4 Kg8 38. Qc8+ Kg7 39. Qc3+ Kf8 40. f4
Ke7 41. Kg3 Qd7 42. Qe5+ Qe6 43. Qc7+ Qd7 44. Qe5+ Kd8 45. Qb8+ Ke7 46. Qe5+
{Game drawn by repetition} 1/2-1/2

[Event "Team 45 45 League T37"]
[Site "Internet Chess Club"]
[Date "2008.05.04"]
[Round "2"]
[White "Rhel"]
[Black "Pasquino"]
[Result "1-0"]
[WhiteElo "1509"]
[BlackElo "1353"]
[Opening "QGD Slav: 3.Nf3"]
[ECO "D11"]
[Time "16:55:38"]
[TimeControl "2700+45"]

1. d4 d5 2. c4 c6 3. Nf3 h6 4. Nc3 e6 5. Bf4 Bd6 6. Bxd6 Qxd6 7. e3 Nf6 8. Qc2
Nbd7 9. cxd5 exd5 10. Bd3 c5 11. dxc5 Nxc5 12. Bb5+ Bd7 13. Bxd7+ Nfxd7 14. Nb5
Qb6 15. Nbd4 Qb4+ 16. Ke2 Qc4+ 17. Qxc4 dxc4 18. Rac1 Na4 19. Rxc4 Nab6 20. Rc7
Rb8 21. Nf5 O-O 22. Nd6 Ne5 {Black resigns} 1-0